[Event "*** Titled Tuesday Blitz"]
[Site "Chess.com"]
[Date "2020.10.20"]
[Round "2"]
[White "kuban1991"]
[Black "Barmen_EV"]
[Result "1-0"]
[WhiteElo "2809"]
[BlackElo "2509"]
[TimeControl "180+1"]
[EndTime "10:17:43 PDT"]
[Termination "kuban1991 won by checkmate"]

1. Nf3 d5 2. g3 c5 3. Bg2 Nf6 4. O-O h6 5. c4 d4 6. e3 Nc6 7. b4 dxe3 8. fxe3 cxb4 9. d4 e6 10. Bb2 Be7 11. Nbd2 O-O 12. e4 e5 13. d5 Nd4 14.
Nxd4 exd4 15. Bxd4 Ng4 16. e5 Bg5 17. Qe2 Re8 18.
Nf3 Bf6 19. Rae1 Bd7 20. Qb2 Bg5 21. h3 a5 22. hxg4 Bxg4 23. Nxg5 Qxg5 24. Qf2 Bh5 25. d6 a4 26. Bd5 Rf8 27. Qf4 Qg6 28. e6 b3 29. e7 bxa2 30. exf8=Q+ Rxf8 31. c5 Qc2 32.
Rf2 Qd3 33. Bxa2 Bg6 34. Qe5 Qxd4 35. Qxd4 Kh7 36. d7 Rd8 37. Re8 a3 38. Rxd8 b5 39.
Rf8 h5 40. R8xf7 Bxf7 41. Rxf7 b4 42. Qxg7# 1-0

[Event "*** Titled Tuesday Blitz"]
[Site "Chess.com"]
[Date "2020.10.20"]
[Round "2"]
[White "Ariadna_Atreides"]
[Black "anpospan"]
[Result "0-1"]
[WhiteElo "2050"]
[BlackElo "2375"]
[TimeControl "180+1"]
[EndTime "10:17:43 PDT"]
[Termination "anpospan won on time"]

1. d4 Nf6 2. Nf3 e6 3. e3 b6 4. Bd3 Bb7 5. O-O d6 6. b3 Nbd7 7. Bb2 Be7 8. Nbd2 a5 9. e4 a4 10.
e5 Nd5 11. c4 a3 12. Bc1 Nf4 13. Be4 d5 14. cxd5 Nxd5 15. Nb1 h6 16. Re1 O-O 17.
Nfd2 c5 18. Nc4 cxd4 19. Qh5 b5 20. Bxh6 f5 21. Qg6 Rf7 22. Qxe6 fxe4 23. Nd6 Bxd6 24. exd6 gxh6 25. Rxe4 N7f6 26. Qf5 Nxe4 27. Qg4+ Ng5 0-1

[Event "*** Titled Tuesday Blitz"]
[Site "Chess.com"]
[Date "2020.10.20"]
[Round "2"]
[White "IngOscarArdila"]
[Black "ehrenfeld"]
[Result "1-0"]
[WhiteElo "2185"]
[BlackElo "2486"]
[TimeControl "180+1"]
[EndTime "10:17:44 PDT"]
[Termination "IngOscarArdila won by resignation"]

1. d4 Nf6 2. c4 e6 3. Nc3 Bb4 4. Bd2 b6 5. Nf3 Bb7 6. e3 O-O 7. Be2 d5 8. O-O Nbd7 9. cxd5 exd5 10. a3 Bd6 11. Qc2 a6 12. b4 Qe7 13. Rfc1 Ne4 14.
Qb3 Ndf6 15. Bd3 Rae8 16. Ne2 Nxd2 17. Nxd2 Bxh2+ 18. Kxh2 Ng4+ 19. Kg3 f5 20. Nf3 Qd6+ 21. Nf4 h6 22. Qc2 g5 23. Qxc7 gxf4+ 24. exf4 Qg6 25.
Nh4 Qf6 26. Qxb7 Qxd4 27. Bxf5 Qxf2+ 28. Kxg4 Rxf5 29. Nxf5 Qxg2+ 30. Ng3 Re3 31. Rc8+ 1-0

[Event "*** Titled Tuesday Blitz"]
[Site "Chess.com"]
[Date "2020.10.20"]
[Round "2"]
[White "davigator"]
[Black "frederiksvane"]
[Result "1-0"]
[WhiteElo "2352"]
[BlackElo "2656"]
[TimeControl "180+1"]
[EndTime "10:17:44 PDT"]
[Termination "davigator won by checkmate"]

1. e4 c5 2. Nf3 g6 3. d4 cxd4 4. Nxd4 Bg7 5. c4 Nc6 6. Nc2 Nf6 7. Nc3 O-O 8. Be2 d6 9. O-O Be6 10. Rb1 Rc8 11. b3 Nd7 12. Nd5 Nc5 13. Bd3 Qd7 14. Nce3 Nxd3 15. Qxd3 Ne5 16. Qe2 Ng4 17. f3 Nxe3 18.
Bxe3 b6 19. Rbc1 Rfe8 20. Rfd1 Qb7 21. Qf1 Bd7 22. Bg5 Bc6 23. Qf2 e6 24. Nf6+ Bxf6 25.
Bxf6 d5 26. Qh4 h5 27. Qg5 Kh7 28. e5 dxc4 29. Rxc4 Bxf3 30. gxf3 Rxc4 31. bxc4 Qxf3 32. Rf1 Qe4 33. h3 Rc8 34. Be7 Kg8 35. Rf4 Qe3+ 36.
Kg2 Rxc4 37. Rf2 Qe4+ 38. Kh2 Rc3 39. Qf6 Rxh3+ 40. Kxh3 Qe3+ 41. Kg2 Qe4+ 42. Kh2 Qg4 43. Qxf7+ Kh8 44. Bf6# 1-0

[Event "*** Titled Tuesday Blitz"]
[Site "Chess.com"]
[Date "2020.10.20"]
[Round "2"]
[White "poppy73"]
[Black "banane_verte"]
[Result "1-0"]
[WhiteElo "2233"]
[BlackElo "2412"]
[TimeControl "180+1"]
[EndTime "10:17:45 PDT"]
[Termination "poppy73 won by checkmate"]

1. e4 d5 2. exd5 Qxd5 3. Nc3 Qa5 4. d4 Nf6 5. Bc4 Nc6 6. Ne2 Bg4 7.
f3 Bh5 8. Bd2 Qb4 9. Bb3 Qd6 10.
Nb5 Qd7 11. Bf4 Rc8 12. d5 e5 13. dxc6 Qxd1+ 14. Rxd1 exf4 15. cxb7 Rb8 16. Nxc7+ Ke7 17.
Nxf4 Rxb7 18. Ncd5+ Nxd5 19. Nxd5+ Ke8 20. Ba4+ Kd8 21.
Nf6+ Kc8 22. Nxh5 g6 23. Nf4 Bh6 24. Nd3 Be3 25. Ke2 Re7 26. Rhe1 Bf4+ 27. Kf1 Rxe1+ 28. Rxe1 Bxh2 29. Re7 Bc7 30. Re8+ Rxe8 31. Bxe8 f6 32.
Bf7 Kd7 33. c4 Kd6 34. c5+ Kc6 35. b4 a5 36. Be8+ Kb7 37. b5 h5 38. c6+ Kb6 39.
a4 g5 40. Ke2 g4 41. Bxh5 gxf3+ 42. Bxf3 Bd6 43. Nb2 Kc5 44. Kd3 Kb4 45. b6 Kc5 46. c7 Kxb6 47. c8=Q Bc7 48. Qb7+ Kc5 49. Qxc7+ Kb4 50. Qc4+ Ka3 51. Qc3+ Ka2 52. Nc4 f5 53. Qb2# 1-0

[Event "*** Titled Tuesday Blitz"]
[Site "Chess.com"]
[Date "2020.10.20"]
[Round "2"]
[White "wannabe2700"]
[Black "Sokoloco"]
[Result "0-1"]
[WhiteElo "2706"]
[BlackElo "2501"]
[TimeControl "180+1"]
[EndTime "10:17:46 PDT"]
[Termination "Sokoloco won by resignation"]

1. e4 g6 2. d4 Bg7 3. Nc3 d6 4.
f4 Nf6 5. Nf3 O-O 6. Bd3 c5 7.
dxc5 dxc5 8. Be3 Nc6 9. Bxc5 b6 10. Ba3 Bb7 11. Qe2 Re8 12. Rd1 e5 13. Bc4 Nd4 14.
Nxd4 exd4 15. e5 Nh5 16. O-O Bc6 17. Ne4 Nxf4 18. Rxf4 Rxe5 19. Qd3 Kh8 20. Nf2 Qg5 21. g3 Re3 22. Qd2 Rxg3+ 23. hxg3 Qxg3+ 24. Kf1 Qg2+ 25. Ke2 Re8+ 26. Kd3 Qg3+ 0-1

[Event "*** Titled Tuesday Blitz"]
[Site "Chess.com"]
[Date "2020.10.20"]
[Round "2"]
[White "RobertoJBM"]
[Black "BigAl"]
[Result "0-1"]
[WhiteElo "2690"]
[BlackElo "2469"]
[TimeControl "180+1"]
[EndTime "10:17:47 PDT"]
[Termination "BigAl won on time"]

1. d4 Nf6 2. c4 g6 3. Nc3 Bg7 4. e4 O-O 5. Nf3 d6 6. Be2 Bg4 7. Be3 Nbd7 8. Rc1 e5 9. d5 a5 10. Nd2 Bxe2 11. Qxe2 Nh5 12. g3 b6 13. b3 Qe8 14. f3 f5 15. Bf2 Qe7 16. Nb5 Nc5 17.
O-O Bh6 18. Rce1 Qg5 19. Bxc5 bxc5 20. Nb1 Rf7 21. N1c3 Raf8 22. Kh1 Nf6 23. f4 exf4 24. gxf4 Qh4 25. e5 dxe5 26. fxe5 Nh5 27. Qf2 Qh3 28. e6 Re7 29. Qg2 Qh4 30. Ne2 f4 31. Rf3 Qxe1+ 32. Rf1 Qh4 33. Rf3 Qe1+ 34. Rf1 Qd2 35. Nec3 Qd3 36.
Rf3 Qf5 37. Rf1 f3 38. Qf2 Qh3 39. Ne4 Be3 0-1

[Event "*** Titled Tuesday Blitz"]
[Site "Chess.com"]
[Date "2020.10.20"]
[Round "2"]
[White "TV27"]
[Black "Berant"]
[Result "0-1"]
[WhiteElo "2061"]
[BlackElo "2380"]
[TimeControl "180+1"]
[EndTime "10:17:47 PDT"]
[Termination "Berant won by resignation"]

1. d4 Nf6 2. c4 e6 3. Nf3 d5 4. e3 c5 5. Nc3 cxd4 6. Nxd4 Nc6 7. cxd5 Nxd5 8. Nxc6 bxc6 9. e4 Nxc3 10. Qxd8+ Kxd8 11. bxc3 Bd6 12. Be3 Kc7 13. Bc4 a5 14.
Ke2 Ba6 15. Bxa6 Rxa6 16. Rab1 a4 17. Rb2 Rb8 18. Rhb1 Rxb2+ 19. Rxb2 h5 20. h3 g6 21. Rb1 c5 22. Kd3 a3 23. e5 Bxe5 24. Bxc5 Bd6 25.
Bxd6+ Rxd6+ 26. Kc2 Rd5 27. Rb3 Rg5 28. g3 Rf5 29. f4 h4 30. gxh4 Rxf4 31. Rxa3 f5 32. Ra6 Kd7 33. Kb3 Rxh4 34. c4 Rxh3+ 35. Kb4 g5 36. c5 Rh1 37. c6+ Kd6 38. Ka5 g4 39. Kb6 Rb1+ 40. Ka7 Kc7 41. a4 g3 42. a5 g2 43. Rb6 Rxb6 44. axb6+ Kxc6 45. b7 g1=Q+ 46. Kb8 Qb6 0-1

[Event "*** Titled Tuesday Blitz"]
[Site "Chess.com"]
[Date "2020.10.20"]
[Round "2"]
[White "Malev212"]
[Black "penguingm1"]
[Result "1-0"]
[WhiteElo "2549"]
[BlackElo "2807"]
[TimeControl "180+1"]
[EndTime "10:17:48 PDT"]
[Termination "Malev212 won by resignation"]

1. e4 e5 2. d4 exd4 3. Qxd4 Nc6 4. Qc4 Nf6 5. Nc3 Bb4 6. Bd2 O-O 7. O-O-O Re8 8. f3 d6 9. a3 a5 10. Qa2 Be6 11. Bc4 Qd7 12. Nge2 Bc5 13. Bg5 Nb4 14.
Qb3 a4 15. Bxe6 fxe6 16. Qc4 Nc6 17. Bxf6 gxf6 18. Qxc5 Ra5 19. Qe3 b5 20. Na2 Ne5 21. Nf4 Ra6 22. Nb4 Rb6 23. Rhe1 c5 24. Nbd5 exd5 25.
Nxd5 Qd8 26. Nxb6 Qxb6 27. f4 Nc4 28. Qd3 Kg7 29. b3 axb3 30. cxb3 Qa5 31. bxc4 bxc4 32. Qg3+ Kf8 33. Rxd6 Kf7 34. Red1 c3 35. Rd7+ Re7 36. Rxe7+ Kxe7 37. Qg7+ Ke8 38. Qd7+ 1-0

[Event "*** Titled Tuesday Blitz"]
[Site "Chess.com"]
[Date "2020.10.20"]
[Round "2"]
[White "TurboSteen"]
[Black "GMaka"]
[Result "0-1"]
[WhiteElo "2037"]
[BlackElo "2374"]
[TimeControl "180+1"]
[EndTime "10:17:48 PDT"]
[Termination "GMaka won by resignation"]

1. e4 c6 2. c4 d5 3. cxd5 cxd5 4. exd5 Nf6 5. Nc3 Nxd5 6. Nf3 Nxc3 7. bxc3 Nc6 8. Bb5 Bg4 9. d4 e6 10. Qa4 Bxf3 11.
gxf3 Rc8 12. O-O a6 13. Bd3 Be7 14. Rb1 Qd7 15. Kh1 O-O 16. Rg1 g6 17. Bh6 Rfd8 18.
f4 Bf8 19. Bxf8 Rxf8 20. Qb3 b5 21. Qd1 Na5 22. f5 exf5 23. Qd2 Nc4 24. Qh6 Kh8 25. Rg3 Rg8 26. Rbg1 Qd5+ 27. f3 Ne5 28. dxe5 Qxd3 29. e6 fxe6 30. Rxg6 Qxf3+ 31. R6g2 Rg6 32. Qd2 Qxc3 33. Qd7 Rxg2 34. Rxg2 Qe1+ 35. Rg1 Qe4+ 36. Rg2 Rc1+ 0-1

[Event "*** Titled Tuesday Blitz"]
[Site "Chess.com"]
[Date "2020.10.20"]
[Round "2"]
[White "AustrianFalcon"]
[Black "jlmanzanares"]
[Result "1-0"]
[WhiteElo "2446"]
[BlackElo "2248"]
[TimeControl "180+1"]
[EndTime "10:17:49 PDT"]
[Termination "AustrianFalcon won by resignation"]

1. Nf3 Nf6 2. c4 g6 3. Nc3 Bg7 4. g3 d6 5. Bg2 O-O 6. O-O Nc6 7. Rb1 a5 8. a3 e5 9. d3 h6 10. b4 axb4 11. axb4 Rb8 12. b5 Ne7 13. e4 Ne8 14. d4 Bg4 15. dxe5 Bxe5 16. Qd3 Bg7 17. Nd4 Nf6 18.
h3 Bc8 19. f4 Nd7 20. Be3 Nc5 21. Qd2 Ra8 22. f5 gxf5 23. Nxf5 Nxf5 24. exf5 Qf6 25.
Nd5 Qe5 26. f6 Bh8 27. Ne7+ Kh7 28. Qc2+ Bf5 29. Nxf5 Bxf6 30. Bd4 Qe6 31. Ng7+ Kxg7 32. Bxf6+ Kg8 33. Rf4 Qe3+ 34. Kh2 Rfe8 35. Rg4+ Kf8 36. Qh7 1-0

[Event "*** Titled Tuesday Blitz"]
[Site "Chess.com"]
[Date "2020.10.20"]
[Round "2"]
[White "Morshynska"]
[Black "harvsp123"]
[Result "0-1"]
[WhiteElo "2251"]
[BlackElo "2446"]
[TimeControl "180+1"]
[EndTime "10:17:49 PDT"]
[Termination "harvsp123 won by resignation"]

1. Nf3 g6 2. g3 Bg7 3. Bg2 c5 4. O-O Nc6 5. c4 e5 6. Nc3 Nge7 7. d3 O-O 8. Be3 d6 9. Qc1 Nf5 10. Bg5 f6 11. Bd2 Be6 12. Nd5 Qd7 13. Re1 Rab8 14.
Rb1 b5 15. b3 b4 16. g4 Nfe7 17. Nxe7+ Nxe7 18. h3 g5 19. Nh2 h5 20. f3 Ng6 21.
Nf1 Nf4 22. Ne3 f5 23. Nxf5 Bxf5 24. gxf5 Qxf5 25. Kh2 Rf6 26. Bf1 Rg6 27. e3 Nxd3 28. Qc2 e4 29. fxe4 Be5+ 30. Kh1 Qf3+ 31. Bg2 Nf2+ 32.
Kg1 Nxh3+ 33. Kh1 Nf2+ 34. Kg1 Nh3+ 35. Kh1 Qg3 0-1

[Event "*** Titled Tuesday Blitz"]
[Site "Chess.com"]
[Date "2020.10.20"]
[Round "2"]
[White "Kurai"]
[Black "joppie2"]
[Result "1-0"]
[WhiteElo "2580"]
[BlackElo "2860"]
[TimeControl "180+1"]
[EndTime "10:17:50 PDT"]
[Termination "Kurai won by checkmate"]

1. d4 Nf6 2. c4 e6 3. Nc3 d5 4. cxd5 exd5 5. Bg5 c6 6. e3 Bd6 7. Nf3 h6 8. Bh4 Bf5 9. Bd3 Bxd3 10. Qxd3 Nbd7 11.
O-O-O Qe7 12. Kb1 O-O-O 13. Rc1 Kb8 14. Na4 Qe4 15. Qxe4 Nxe4 16. Bxd8 Rxd8 17. Rc2 f5 18. g3 g5 19. Nc3 Rf8 20. Ne1 Nb6 21. Nd3 Nc4 22. Rd1 a6 23. Re2 Kc7 24. Kc2 g4 25. b3 Na3+ 26. Kb2 Nb5 27. Nxe4 fxe4 28. Nf4 Ba3+ 29.
Kc2 Bb4 30. Ne6+ Kd7 31. Nxf8+ Bxf8 32. a4 Nd6 33. Rh1 Nf7 34. h3 gxh3 35. Rxh3 Ng5 36. Rh5 Ke6 37. Re1 Kf5 38. Reh1 Kg6 39. Kd1 a5 40. Ke2 Bg7 41. R5h4 Bf8 42. Rf4 Bd6 43. Rg4 Bf8 44. Kf1 Be7 45. Rf4 Bd6 46. Rxh6+ Kxh6 47. Rf6+ Kh5 48. Rxd6 Nf3 49. Ke2 Ng1+ 50. Kf1 Nf3 51.
Ke2 Ng1+ 52. Kd1 Kg4 53. Rd7 Kf3 54. Rf7+ Kg2 55. g4 Nh3 56. g5 Nxg5 57. Rg7 Kxf2 58. Rxg5 Kxe3 59. Rg7 Kxd4 60. Kc2 b5 61. Ra7 b4 62.
Rxa5 Ke3 63. Ra8 d4 64. Rd8 c5 65. a5 Ke2 66. a6 d3+ 67. Kc1 e3 68. a7 c4 69.
a8=Q d2+ 70. Kc2 cxb3+ 71. Kxb3 d1=Q+ 72. Rxd1 Kxd1 73. Qf3+ e2 74. Kxb4 Kd2 75. Qf2 Kd1 76. Qd4+ Kc2 77. Qc3+ Kd1 78. Qd3+ Ke1 79. Kc3 Kf2 80. Qd2 Kf1 81. Qf4+ Ke1 82. Kd3 Kd1 83. Qd2# 1-0

[Event "*** Titled Tuesday Blitz"]
[Site "Chess.com"]
[Date "2020.10.20"]
[Round "2"]
[White "Blitzstream"]
[Black "AndreyNeves"]
[Result "1-0"]
[WhiteElo "2667"]
[BlackElo "2270"]
[TimeControl "180+1"]
[EndTime "10:17:50 PDT"]
[Termination "Blitzstream won on time"]

1. d4 d5 2. Bf4 Nf6 3. e3 c5 4. dxc5 Nc6 5. Bb5 Qa5+ 6. Nc3 Ne4 7. Ne2 e6 8. a3 Nxc3 9. Nxc3 Bd7 10. b4 Qd8 11.
O-O Be7 12. Bg3 O-O 13. e4 d4 14. Ne2 e5 15. Bxc6 Bxc6 16. Bxe5 Bxe4 17. Qxd4 Qxd4 18. Nxd4 Rad8 19. Rad1 Rd5 20. Bg3 Rfd8 21. c3 Bf6 22. Rfe1 Bxd4 23. Rxd4 Rxd4 24. cxd4 Rxd4 25. Be5 Rd3 26.
a4 f6 27. Bd6 Bd5 28. f3 Kf7 29. Re7+ Kg6 30. Rc7 Rd1+ 31. Kf2 Rd2+ 32. Kg3 Ra2 33. a5 Rb2 34. Bf8 Rxb4 35. c6 Rb5 36. Rxg7+ Kf5 37. c7 Rc5 38. Bxc5 1-0

[Event "*** Titled Tuesday Blitz"]
[Site "Chess.com"]
[Date "2020.10.20"]
[Round "2"]
[White "Kaslask"]
[Black "Mikhail_Golubev"]
[Result "0-1"]
[WhiteElo "2300"]
[BlackElo "2523"]
[TimeControl "180+1"]
[EndTime "10:17:50 PDT"]
[Termination "Mikhail_Golubev won on time"]

1. d4 Nf6 2. c4 g6 3. Nc3 Bg7 4.
e4 d6 5. Be2 O-O 6. Be3 Nc6 7.
Nf3 Ng4 8. Bg5 h6 9. Bh4 g5 10.
Bg3 e5 11. d5 Nd4 12. Nxd4 exd4 13. Nb5 Nf6 14. f3 Nh5 15. Nxd4 Nxg3 16. hxg3 Qf6 17.
Nb3 Qxb2 18. O-O Qe5 19. Qe1 f5 20. exf5 Bxf5 21. Rd1 Rae8 22. Rd2 Qe3+ 23. Qf2 Bc3 24. g4 Bxd2 25. gxf5 Qxf2+ 26. Kxf2 Be3+ 27. Ke1 Rxf5 28. Kd1 Rfe5 29. Bd3 Kg7 30. Be4 g4 31. Re1 Bf2 32. Re2 g3 33. Nd2 h5 34. Kc2 h4 35.
Nf1 h3 36. Nxg3 Bxg3 37. gxh3 Bf4 0-1

[Event "*** Titled Tuesday Blitz"]
[Site "Chess.com"]
[Date "2020.10.20"]
[Round "2"]
[White "FMalexhdez"]
[Black "Grieve72"]
[Result "0-1"]
[WhiteElo "2265"]
[BlackElo "2453"]
[TimeControl "180+1"]
[EndTime "10:17:50 PDT"]
[Termination "Grieve72 won by resignation"]

1. e4 c5 2. Nf3 e6 3. d4 cxd4 4. Nxd4 Nc6 5. c4 Nf6 6. Nc3 Bb4 7. Nxc6 bxc6 8. Bd3 e5 9. O-O O-O 10. Bg5 h6 11.
Bh4 g5 12. Bg3 d6 13. h4 Kg7 14. Qd2 Nh5 15. Bh2 gxh4 16. Be2 Kg6 17. a3 Bc5 18. b4 Bd4 19. Kh1 Qg5 20. Bxh5+ Kxh5 21. f4 Qg6 22. fxe5 dxe5 23. Rae1 Bg4 24. Ne2 Rad8 25. Nxd4 Rxd4 26. Qf2 f5 27. Bxe5 Rxc4 28. exf5 Rxf5 29. Qd2 Qg5 30. Bh2 Qxd2 0-1

[Event "*** Titled Tuesday Blitz"]
[Site "Chess.com"]
[Date "2020.10.20"]
[Round "2"]
[White "MFBerna"]
[Black "beto-betun"]
[Result "1-0"]
[WhiteElo "2415"]
[BlackElo "2174"]
[TimeControl "180+1"]
[EndTime "10:17:50 PDT"]
[Termination "MFBerna won by resignation"]

1. d4 Nf6 2. Nf3 g6 3. b3 Bg7 4. Bb2 O-O 5. e3 d6 6. Be2 c5 7. O-O cxd4 8. Nxd4 Nc6 9. Nd2 Bd7 10. c4 a6 11. Rc1 Rc8 12. N2f3 Qc7 13. h3 h6 14. Nxc6 Bxc6 15. Nd4 Bd7 16. Bf3 b6 17. Ne2 Rfd8 18. Nf4 Bf5 19. Bxf6 Bxf6 20. Nd5 Qb8 21. Nxf6+ exf6 22.
Qd4 Kg7 23. Rfd1 Qc7 24. a4 Rd7 25. Qf4 Be6 26. Bd5 Qc5 27. e4 Qb4 28. Rd3 a5 29. Rf3 f5 30. exf5 Bxf5 31. Qd4+ Kh7 32. Rxf5 gxf5 33.
Qd3 Rcd8 34. Qxf5+ Kg7 35. Rd1 Qc3 36. Rd3 Qxc4 37.
bxc4 1-0

[Event "*** Titled Tuesday Blitz"]
[Site "Chess.com"]
[Date "2020.10.20"]
[Round "2"]
[White "sergeikim"]
[Black "GM_Levan_Pantsulaia"]
[Result "0-1"]
[WhiteElo "2533"]
[BlackElo "2851"]
[TimeControl "180+1"]
[EndTime "10:17:51 PDT"]
[Termination "GM_Levan_Pantsulaia won on time"]

1. d4 Nf6 2. c4 c5 3. d5 e6 4. Nc3 exd5 5. cxd5 d6 6. e4 g6 7. Nge2 Bg7 8. Ng3 h5 9. h4 O-O 10. Bg5 Re8 11. Be2 Na6 12. O-O Nc7 13. a4 a6 14. Qd2 Qd7 15. f4 Nh7 16. f5 Rb8 17. f6 Bh8 18. Bxh5 gxh5 19. Nf5 Re5 20. Qe2 Qxf5 21.
Rxf5 Bxf5 22. Bf4 Bg4 23. Qd2 Bxf6 24. Bxe5 Bxe5 25. Rf1 b5 26. Kh1 bxa4 27. Qf2 Nf6 28.
Qe3 Nce8 29. Qg5+ Kf8 30. Nxa4 Nxe4 31. Qh6+ Ke7 32. Re1 N8f6 33. Nc3 Ng3+ 34. Kg1 Rxb2 0-1

[Event "*** Titled Tuesday Blitz"]
[Site "Chess.com"]
[Date "2020.10.20"]
[Round "2"]
[White "esapunov"]
[Black "pastouche06"]
[Result "1-0"]
[WhiteElo "2754"]
[BlackElo "2483"]
[TimeControl "180+1"]
[EndTime "10:17:51 PDT"]
[Termination "esapunov won by resignation"]

1. c4 Nf6 2. Nf3 e6 3. Nc3 d5 4. d4 c5 5. e3 Nc6 6. a3 cxd4 7.
exd4 dxc4 8. Bxc4 Be7 9. O-O O-O 10. Re1 Qd6 11. Qd3 Rd8 12. Be3 b6 13. Rad1 Bb7 14.
Ba2 Bf8 15. Bb1 Ne7 16. Bg5 Ng6 17. Qe2 Nf4 18. Qe5 Bxf3 19. Bxf6 gxf6 20. Qxd6 Bxd6 21.
gxf3 f5 22. Ba2 Kg7 23. d5 e5 24. Ne2 Ng6 25. Ng3 Nh4 26. Rd3 Rac8 27. Bb1 Kf6 28. Kf1 Rc7 29. Ke2 Rdc8 30. Rdd1 Rc4 31. Rg1 e4 32. fxe4 Bxg3 33. hxg3 Ng6 34. exf5 Ne5 35. Rge1 h5 36. d6 h4 37. f4 Ng4 38.
Kf3 Nh6 39. g4 1-0

[Event "*** Titled Tuesday Blitz"]
[Site "Chess.com"]
[Date "2020.10.20"]
[Round "2"]
[White "KaterynaLagno"]
[Black "aloe_normansen"]
[Result "1-0"]
[WhiteElo "2681"]
[BlackElo "2337"]
[TimeControl "180+1"]
[EndTime "10:17:51 PDT"]
[Termination "KaterynaLagno won by resignation"]

1. e4 c5 2. Nf3 d6 3. Bb5+ Nc6 4. O-O Bd7 5. Re1 Nf6 6. c3 a6 7. Bf1 Bg4 8. h3 Bxf3 9. Qxf3 g6 10. d3 Bg7 11. Be3 Nd7 12. Qd1 O-O 13. Nd2 b5 14. Nf3 Rc8 15. Qd2 b4 16. d4 bxc3 17. bxc3 Qa5 18.
Red1 Nb6 19. a4 cxd4 20. cxd4 Qxd2 21. Rxd2 Na5 22. Rdd1 Nbc4 23. Bg5 Rfe8 24. Rab1 h6 25.
Bh4 g5 26. Bg3 Rb8 27. e5 d5 28. e6 Rxb1 29. exf7+ Kxf7 30. Rxb1 e6 31. Bd3 Nc6 32.
Rc1 Nxd4 33. Nxd4 Bxd4 34. Bxc4 Rc8 35. Rb1 Rxc4 36. Rb7+ Kg6 37. a5 Ra4 38. Bc7 Ra1+ 39. Kh2 Bxf2 40. Be5 h5 41. Bxa1 h4 42. Re7 Bg3+ 43.
Kg1 Kf5 44. Ra7 e5 45. Rxa6 d4 46. Ra8 e4 47. Bxd4 Bf4 48. a6 e3 49. a7 e2 50. Re8 1-0

[Event "*** Titled Tuesday Blitz"]
[Site "Chess.com"]
[Date "2020.10.20"]
[Round "2"]
[White "Playgood28"]
[Black "TST2014"]
[Result "0-1"]
[WhiteElo "2296"]
[BlackElo "2509"]
[TimeControl "180+1"]
[EndTime "10:17:51 PDT"]
[Termination "TST2014 won on time"]

1. d4 Nf6 2. c4 c5 3. d5 b5 4. Qc2 g6 5. e4 d6 6. h3 Bg7 7. Nf3 O-O 8. Nc3 b4 9. Nd1 e6 10. Bd3 a5 11. O-O a4 12. Rb1 Nbd7 13. Bf4 e5 14. Bh2 Nh5 15. Ne3 Nf4 16. Rbe1 Nf6 17. Nd1 N6h5 18. Kh1 Qd7 19. Ng1 Qe7 20. Be2 Qg5 21.
Ne3 f5 22. Bxh5 Nxh5 23. Nf3 Qf6 24. Nd2 Nf4 25. exf5 gxf5 26. Bxf4 exf4 27. Nd1 Bd7 28. Nf3 b3 29. axb3 axb3 30. Qxb3 Ba4 31. Qd3 Rab8 32.
Re6 Qd8 33. Rfe1 Bxd1 34. Qxd1 Rxb2 35. Qc1 Rxf2 36. Qxf4 Kh8 37. Qxd6 Qa5 38. Re7 Qc3 39. Re8 Rf1+ 40. Rxf1 Rxe8 41. Ng5 Qxc4 42. Nf7+ Kg8 0-1

[Event "*** Titled Tuesday Blitz"]
[Site "Chess.com"]
[Date "2020.10.20"]
[Round "2"]
[White "ChristopherYoo"]
[Black "Anna_ChessMate"]
[Result "1-0"]
[WhiteElo "2839"]
[BlackElo "2529"]
[TimeControl "180+1"]
[EndTime "10:17:54 PDT"]
[Termination "ChristopherYoo won by resignation"]

1. Nf3 d5 2. c4 d4 3. b4 g5 4. Bb2 e5 5. e3 Bg7 6. exd4 exd4 7. d3 g4 8. Nfd2 Ne7 9. Be2 f5 10. O-O O-O 11. Na3 c5 12. bxc5 Nbc6 13. Re1 Ng6 14. Bf1 f4 15. Nc2 g3 16. fxg3 fxg3 17.
hxg3 Nge5 18. Ne4 Bf5 19. Qd2 h6 20. Nd6 Bg6 21. Rab1 b6 22. Nxd4 Nxd4 23. Bxd4 Nf3+ 24. gxf3 Bxd4+ 25. Kg2 bxc5 26. Ne4 Bg7 27. Rb7 Qc8 28. Rxg7+ Kxg7 29. Qc3+ Kg8 30. Nf6+ Kf7 31. Nd5 Kg8 32. Ne7+ 1-0

[Event "*** Titled Tuesday Blitz"]
[Site "Chess.com"]
[Date "2020.10.20"]
[Round "2"]
[White "731291"]
[Black "GAusal"]
[Result "1-0"]
[WhiteElo "2631"]
[BlackElo "2018"]
[TimeControl "180+1"]
[EndTime "10:17:54 PDT"]
[Termination "731291 won on time"]

1. e4 c5 2. Nf3 d6 3. d4 cxd4 4. Nxd4 Nc6 5. Nc3 a6 6. g3 g6 7. Nde2 Bg7 8. Bg2 Nf6 9. h3 O-O 10. O-O Be6 11. Nf4 Bc4 12. Re1 Ne5 13. Nfd5 Bxd5 14.
Nxd5 Nxd5 15. exd5 h5 16. Qe2 Re8 17. a4 Rc8 18.
Ra2 Nd7 19. c4 a5 20. b3 Nc5 21. Qd1 Qb6 22. Re3 Bh6 23. Rf3 Bg7 24. Re2 Rc7 25. Qc2 Na6 26. Qe4 Nb4 27. Be3 Qa6 28. Bd4 Bxd4 29.
Qxd4 Qa8 30. g4 hxg4 31. hxg4 Qc8 32. Qf4 f6 33. Qh6 Qd7 34. Qxg6+ Kf8 35. Rh3 1-0

[Event "*** Titled Tuesday Blitz"]
[Site "Chess.com"]
[Date "2020.10.20"]
[Round "2"]
[White "RaunakSadhwani2005"]
[Black "chessplayer9919"]
[Result "1-0"]
[WhiteElo "2967"]
[BlackElo "2610"]
[TimeControl "180+1"]
[EndTime "10:17:55 PDT"]
[Termination "RaunakSadhwani2005 won on time"]

1. c4 c5 2. Nc3 Nc6 3. g3 g6 4.
Bg2 Bg7 5. Nf3 Nf6 6. O-O O-O 7. d4 cxd4 8. Nxd4 d6 9. Nxc6 bxc6 10. Bxc6 Rb8 11.
Bg2 Qa5 12. Qd2 Qb4 13. b3 Bb7 14. Bb2 Bxg2 15. Kxg2 Rfd8 16. Rfd1 Qb7+ 17. f3 Rbc8 18. e4 e6 19. Rac1 Qa6 20. Na4 d5 21. exd5 exd5 22. c5 d4 23. Bxd4 Ng4 24. fxg4 Rxd4 25. Qf2 Qc6+ 26.
Qf3 Rxd1 27. Rxd1 Qb5 28. h4 Bf8 29. Rf1 Qd7 30. Rd1 Bxc5 31. Rxd7 1-0

[Event "*** Titled Tuesday Blitz"]
[Site "Chess.com"]
[Date "2020.10.20"]
[Round "2"]
[White "Moultino06"]
[Black "Azerichess"]
[Result "0-1"]
[WhiteElo "2609"]
[BlackElo "2961"]
[TimeControl "180+1"]
[EndTime "10:17:55 PDT"]
[Termination "Azerichess won by resignation"]

1. e4 c6 2. Nc3 d5 3. Nf3 Bg4 4. h3 Bxf3 5. Qxf3 e6 6. d4 dxe4 7. Qe3 Bb4 8. Bd2 Bxc3 9. Bxc3 Nf6 10. g4 Nbd7 11. Bg2 h5 12. Bxe4 Nxe4 13. Qxe4 Nf6 14. Qg2 Qd5 15. Qxd5 Nxd5 16. Ke2 f6 17. Bd2 Kf7 18. c4 Ne7 19. b3 g5 20. f4 gxf4 21.
Bxf4 Rag8 22. Bd6 Nc8 23. Bb8 hxg4 24. hxg4 Rxh1 25. Rxh1 Rxg4 26. Rh7+ Rg7 27. Rh8 Ne7 28. Bd6 Nf5 29. Bc5 b6 30. Ba3 Rg2+ 31. Kd3 Rxa2 32.
Bc1 Ra1 33. Bb2 Rd1+ 34. Kc2 Ne3+ 35. Kc3 f5 36. Rh7+ Kg6 37. Rxa7 f4 38. Ra8 Kf5 39.
d5 cxd5 40. cxd5 Nxd5+ 41. Kc4 f3 42. Bd4 Ke4 43. Bf2 Rd2 44. Bh4 Rc2+ 45. Kb5 Nc7+ 0-1

[Event "*** Titled Tuesday Blitz"]
[Site "Chess.com"]
[Date "2020.10.20"]
[Round "2"]
[White "Love_craft"]
[Black "Hikaru"]
[Result "0-1"]
[WhiteElo "2629"]
[BlackElo "3225"]
[TimeControl "180+1"]
[EndTime "10:17:56 PDT"]
[Termination "Hikaru won by checkmate"]

1. Nf3 d5 2. g3 g6 3. Bg2 Bg7 4.
O-O e5 5. d3 Ne7 6. Nbd2 O-O 7.
e4 Nbc6 8. c3 a5 9. Re1 h6 10.
exd5 Nxd5 11. Nc4 Re8 12. a4 Bf5 13. Nh4 Be6 14. Qc2 Qd7 15. Nf3 Bf5 16. Nh4 Bh3 17.
Ne3 Bxg2 18. Nhxg2 Rad8 19. Nxd5 Qxd5 20. Rd1 e4 21. d4 Ne5 22. Nf4 Nf3+ 23. Kg2 Qc6 24.
Qb3 g5 25. d5 Qd7 26. Nh5 Qg4 27. Nxg7 Nh4+ 28. Kg1 Kxg7 29. Be3 Kh7 30. d6 Rd7 31. dxc7 Rxc7 32. Bb6 Rce7 33. Bc5 Qh3 34. gxh4 gxh4 35. Kh1 Qf3+ 36. Kg1 e3 37. Bxe3 Rxe3 38. Qd5 Rg8+ 39. Kf1 Qe2# 0-1